 Dungeon Crawl Stone Soup version 0.31.0-32-g396128a36d (webtiles) character file.

Game seed: 5739866178385577088

21761 Abstruse the Brawler (level 12, -1/165 HPs)
             Began as a Troll Berserker on Apr 10, 2024.
             Was an Elder of Trog.
             Slain by a skeletal warrior
             ... wielding a +0 halberd
              (22 damage)
             ... on level 13 of the Dungeon on Apr 11, 2024.
             The game lasted 02:01:18 (11048 turns).

Abstruse the Brawler (Troll Berserker)             Turns: 11048, Time: 02:01:19

Health: -1/165     AC: 16    Str: 32    XL:     12   Next: 57%
Magic:  11/11      EV: 10    Int:  3    God:    Trog [****..]
Gold:   513        SH:  9    Dex:  9    Spells: 11/11 levels left

rFire   + .          .
                       - Unarmed
rCold   . . .        t - +0 kite shield
rNeg    . . .        r - +1 acid dragon scales
rPois   .            x - +2 hat
rElec   .            (no cloak)
rCorr   +            (gloves unavailable)
SInv    .            (boots unavailable)
Will    .....        (no amulet) Stlth
                     D - ring of protection from fire
HPRegen 1.27/turn    f - +4 ring of protection
MPRegen 0.12/turn

%: no passive effects
@: berserking (expiring), very quick
A: large, unfitting armour, claws 3, regeneration 1, shaggy fur 1, tough skin 1
a: Renounce Religion, Berserk, Trog's Hand, Brothers in Arms


You were on level 13 of the Dungeon.
You worshipped Trog.
Trog was greatly pleased with you.
You visited 3 branches of the dungeon, and saw 15 of its levels.

You collected 1195 gold pieces.
You spent 682 gold pieces at shops.

Inventory:

Hand Weapons
 b - a +1 sling
 k - a +0 falchion of holy wrath
 o - a +3 flail of draining
 u - a +0 morningstar of flaming
 y - a +3 dire flail of freezing
 H - a +5 short sword of freezing
Missiles
 c - 83 stones (quivered)
 e - 7 boomerangs
 g - 46 poisoned darts
Armour
 h - +2 steam dragon scales
 r - +1 acid dragon scales (worn)
 t - a +0 kite shield (worn)
 x - a +2 hat (worn)
 E - the +1 ring mail of Levity {Rampage rPois rF- MP+9}
   (You found it on level 8 of the Dungeon)

   rF-:       It makes you vulnerable to fire.
   rPois:     It protects you from poison MP+9: It affects your magic capacity
   (+9).
   Rampage:   It bestows one free step when moving towards enemies.
 G - the +0 barding of Ececot {rElec Str+2 Dex-3}
   (You bought it in a shop on level 12 of the Dungeon)

   Str+2:     It affects your strength (+2).
   Dex-3:     It affects your dexterity (-3).
   rElec:     It insulates you from electricity.
 I - an orb of wrath
 K - a +2 robe of resistance
Jewellery
 f - a +4 ring of protection (right claw)
 i - a ring of magical power
 s - a ring of flight
 D - a ring of protection from fire (left claw)
 N - an amulet of reflection
 O - a ring of willpower
Talismans
 l - a talisman of death
 J - a dragon-blood talisman
Wands
 a - a wand of flame (19)
 d - a wand of roots (9)
 n - a wand of acid (5)
 p - a wand of polymorph (9)
 B - a wand of mindburst (12)
 F - a wand of charming (8)
Scrolls
 q - a scroll of noise
 v - a scroll of brand weapon
 A - 3 scrolls of identify
 C - 3 scrolls of vulnerability
 M - a scroll of immolation
Potions
 j - 4 potions of lignification
 m - 5 potions of curing
 w - a potion of enlightenment
 z - a potion of haste
 L - 3 potions of heal wounds
 P - a potion of invisibility {unknown}


   Skills:
 + Level 4.9 Fighting
 + Level 2.9 Maces & Flails
 + Level 2.2 Throwing
 * Level 4.3 Armour
 + Level 7.1 Dodging
 + Level 2.4 Stealth
 + Level 5.8 Shields
 * Level 15.7 Unarmed Combat
 + Level 0.5 Evocations
 - Level 2.1 Shapeshifting


You had 11 spell levels left.
You didn't know any spells.
Your spell library contained the following spells:

 Spells                   Type           Power      Damage    Failure   Level
 Shock                    Conj/Air       0%         1d3       77%         1
 Slow                     Hex            0%         N/A       77%         1
 Scorch                   Fire           0%         2d5       88%         2
 Sublimation of Blood     Necr           0%         N/A       88%         2
 Confusing Touch          Hex            0%         N/A       98%         3
 Sigil of Binding         Hex            0%         N/A       98%         3
 Swiftness                Air            0%         N/A       98%         3
 Tukima's Dance           Hex            0%         N/A       98%         3
 Vampiric Draining        Necr           0%         2d6       98%         3
 Volatile Blastmotes      Fire/Tloc      0%         2d10      98%         3
 Airstrike                Air            0%         2d(0-16)  100%        4
 Flame Wave               Conj/Fire      0%         2d4       100%        4
 Fulminant Prism          Conj/Alch      0%         3d5       100%        4
 Iskenderun's Mystic Bla  Conj/Tloc      0%         2d3       100%        4
 Passage of Golubria      Tloc           0%         N/A       100%        4
 Petrify                  Alch/Erth      0%         N/A       100%        4
 Irradiate                Conj/Alch      0%         3d11      100%        5
 Yara's Violent Unravell  Hex/Alch       0%         3d3       100%        5
 Summon Cactus Giant      Summ           0%         N/A       100%        6
 Malign Gateway           Summ/Tloc      0%         N/A       100%        7
 Summon Horrible Things   Summ           0%         N/A       100%        8


Dungeon Overview and Level Annotations

Branches:
Dungeon (13/15)            Temple (1/1) D:4            Lair (0/5) D:11
    Orc (1/2) D:10
 Vaults: D:13-14

Altars:
Ashenzari
Cheibriados
Dithmenos
Elyvilon
Fedhas
Gozag
Hepliaklqana
Kikubaaqudgha
Makhleb
Nemelex Xobeh
Okawaru
Qazlal
Ru
Sif Muna
Trog
Uskayaw
Vehumet
Wu Jian
Xom
Yredelemnul
Zin
The Shining One

Shops:
D:7 ?   D:10 [   D:12 [   Orc:1 *(*


Innate Abilities, Weirdness & Mutations

You are too large for most types of armour.
You have claws for hands.
Your natural rate of healing is unusually fast.
You are covered in fur. (AC +1)
You have tough skin. (AC +1)


Message History

Trog accepts your kill.
The centaur shoots an arrow.
You block the arrow.
Okay, then.
The centaur unwields a +0 orcbow.
You block the centaur's attack.
The centaur kicks you but does no damage.
The skeletal warrior hits you with a +0 scimitar.
You block the skeletal warrior's attack.
There is an open door here.
Things that are here:
a +0 battleaxe; a +0 war axe You scratch the centaur.
The centaur is moderately wounded.
You block the centaur's attack.
The centaur kicks you but does no damage.
You block the skeletal warrior's attack.
The skeletal warrior hits you from afar with a +0 halberd!
You block the skeletal warrior's attack.
You mangle the centaur!!
You kill the centaur!
Trog accepts your kill.
You claw the skeletal warrior!
The skeletal warrior is severely damaged.
You block the skeletal warrior's attack. x2
The skeletal warrior hits you with a +0 flail!
You scratch the skeletal warrior but do no damage.
The skeletal warrior is severely damaged.
You barely miss the skeletal warrior.
The skeletal warrior is severely damaged.
The skeletal warrior barely misses you.
The skeletal warrior hits you with a +0 flail!!
* * * LOW HITPOINT WARNING * * *
The skeletal warrior hits you from afar with a +0 halberd!!
* * * LOW HITPOINT WARNING * * *
You are too berserk!
The skeletal warrior attacks as it pursues you!
The skeletal warrior hits you with a +0 scimitar!
* * * LOW HITPOINT WARNING * * *
The skeletal warrior attacks as it pursues you!
The skeletal warrior hits you from afar with a +0 halberd!!
You die...

#### ######### ...#
#........ ...#############
#.c......
...'...........###.c......
...###########..@zz.......
'### #####z....... .#
#........ ## ###+#####
##### ....# ###.#
#.#.###########
#.#.##.........


You could see 3 skeletal warriors and 2 centaurs.

Vanquished Creatures
  Josephine (D:10)
  A hydra (D:13)
  Erica (D:10)
  A two-headed ogre (D:13)
  3 boulder beetles
  A tengu warrior (D:13)
  2 skeletal warriors (D:13)
  The ghost of Zeor the Slasher, a novice DjGl of Wu Jian (D:6)
  An orc knight (D:12)
  Pikel (D:5)
  A cyclops (D:13)
  An oklob plant (D:11)
  An ugly thing (D:12)
  A gargoyle (D:12)
  Joseph (D:8)
  Maggie (D:7)
  2 kobold demonologists (D:12)
  3 komodo dragons
  4 trolls
  Psyche (D:10)
  A hornet (D:10)
  6 slime creatures (D:12)
  5 wraiths (D:10)
  A wyvern (D:9)
  18 yaks
  Edmund (D:4)
  2 acid dragons (D:10)
  3 water moccasins
  13 orc warriors
  2 sky beasts
  A black bear (D:7)
  5 ogres
  A lemure (D:5)
  8 centaurs
  A phantom (D:4)
  3 kobold brigands
  3 bullfrogs
  10 wights
  4 killer bees (D:9)
  3 howler monkeys
  2 bombardier beetles
  2 jellies
  12 orc priests
  A gnoll bouda (D:10)
  3 iguanas
  11 orc wizards
  Natasha (D:2)
  3 sleepcaps
  3 adders
  4 gnolls (D:10)
  4 white imps
  2 ufetubi (D:5)
  A ribbon worm (D:4)
  61 orcs
  4 ball pythons
  4 endoplasms
  2 giant cockroaches
  8 goblins
  3 hobgoblins
  4 jackals
  7 quokkas
  4 bats
  2 frilled lizards
  12 kobolds
  A rat (D:3)
281 creatures vanquished.

Notes
Turn   | Place    | Note
-------+----------+-------------------------------------------
     0 | D:1      | Abstruse the Troll Berserker began the quest for the Orb.
     0 | D:1      | Reached XP level 1. HP: 22/22 MP: 0/0
    12 | D:2      | Reached XP level 2. HP: 25/29 MP: 1/1
   409 | D:2      | Noticed Natasha
   416 | D:2      | Killed Natasha
   417 | D:2      | Reached XP level 3. HP: 36/36 MP: 2/2
   558 | D:3      | Found a shimmering altar of Xom.
   961 | D:3      | Reached XP level 4. HP: 44/44 MP: 3/3
   963 | D:3      | Reached ** piety under Trog
  1563 | D:4      | Noticed Edmund
  1575 | D:4      | Killed Edmund
  1576 | D:4      | Reached skill level 1 in Stealth
  1576 | D:4      | Reached skill level 4 in Unarmed Combat
  1576 | D:4      | Reached skill level 1 in Shapeshifting
  1576 | D:4      | Reached XP level 5. HP: 52/52 MP: 4/4
  1688 | D:4      | Noticed a phantom
  1697 | D:4      | Killed a phantom
  1698 | D:4      | Reached XP level 6. HP: 61/61 MP: 5/5
  1737 | D:4      | Found a staircase to the Ecumenical Temple.
  1801 | Temple   | Found a transporter.
  1801 | Temple   | Found a transporter.
  1801 | Temple   | Found a transporter.
  1801 | Temple   | Found a transporter.
  1801 | Temple   | Entered the Ecumenical Temple
  2249 | D:4      | Reached skill level 5 in Unarmed Combat
  2285 | D:4      | Reached skill level 1 in Maces & Flails
  2325 | D:4      | Found an ancient bone altar of Kikubaaqudgha.
  2325 | D:4      | Found a hazy altar of Hepliaklqana.
  2325 | D:4      | Found an opulent altar of Gozag.
  2325 | D:4      | Found a glowing silver altar of Zin.
  2340 | D:4      | Found a sacrificial altar of Ru.
  2344 | D:4      | Found a snail-covered altar of Cheibriados.
  2438 | D:4      | Found a sparkling altar of Nemelex Xobeh.
  2500 | D:4      | Found a blossoming altar of Fedhas.
  2568 | D:5      | Entered Level 5 of the Dungeon
  2829 | D:5      | Reached XP level 7. HP: 67/67 MP: 6/6
  2830 | D:5      | Noticed Pikel
  2840 | D:5      | Killed Pikel
  2841 | D:5      | Reached skill level 6 in Unarmed Combat
  2955 | D:5      | Reached XP level 8. HP: 62/75 MP: 7/7
  3170 | D:5      | Reached *** piety under Trog
  3768 | D:6      | Reached skill level 1 in Shields
  3874 | D:6      | Found a runed translucent gate.
  3874 | D:6      | Found a runed translucent gate.
  3874 | D:6      | Found a runed translucent gate.
  3878 | D:6      | Noticed Zeor's ghost (novice DjGl)
  3974 | D:6      | Killed Zeor's ghost
  3975 | D:6      | Reached skill level 1 in Throwing
  3975 | D:6      | Reached skill level 7 in Unarmed Combat
  4105 | D:6      | Reached XP level 9. HP: 84/84 MP: 8/8
  4112 | D:6      | Reached skill level 8 in Unarmed Combat
  4579 | D:7      | Reached skill level 5 in Dodging
  4698 | D:7      | Noticed Maggie
  4715 | D:7      | Killed Maggie
  4716 | D:7      | Reached skill level 9 in Unarmed Combat
  4769 | D:7      | Found The Oracle's Delphic Readings.
  5141 | D:8      | Reached skill level 10 in Unarmed Combat
  5731 | D:8      | Noticed Joseph
  5743 | D:8      | Killed Joseph
  5744 | D:8      | Reached XP level 10. HP: 92/92 MP: 9/9
  5762 | D:8      | Identified the +1 ring mail of Levity {Rampage rPois rF-
                  | MP+9}
  6059 | D:9      | Found a bloodstained altar of Trog.
  6145 | D:9      | Reached skill level 11 in Unarmed Combat
  6203 | D:9      | Reached **** piety under Trog
  6438 | D:9      | Found a shimmering blue altar of Sif Muna.
  6545 | D:10     | Entered Level 10 of the Dungeon
  6559 | D:10     | Reached skill level 12 in Unarmed Combat
  6617 | D:10     | Noticed Erica
  6663 | D:10     | Found a staircase to the Orcish Mines.
  6704 | D:10     | Killed Erica
  6705 | D:10     | Reached skill level 1 in Armour
  6705 | D:10     | Reached XP level 11. HP: 10/100 MP: 10/10
  6894 | D:10     | Noticed Josephine
  6905 | D:10     | Killed Josephine
  7036 | D:10     | Found Xumepp's Antique Armour Shoppe.
  7111 | D:10     | Reached skill level 13 in Unarmed Combat
  7121 | D:10     | Reached skill level 5 in Shields
  7263 | D:10     | Noticed Psyche
  7268 | D:10     | Killed Psyche
  7627 | Orc:1    | Entered Level 1 of the Orcish Mines
  7950 | Orc:1    | Found Numuc's General Store.
  7954 | Orc:1    | Bought a potion of heal wounds for 65 gold pieces
  7954 | Orc:1    | Bought a scroll of immolation for 52 gold pieces
  8842 | Orc:1    | Found Seantups's Weapon Shoppe.
  8973 | Orc:1    | Found Icroceff's Assorted Antiques.
  8998 | Orc:1    | Bought a scroll labelled YCUTRU XAMAMPI for 21 gold pieces
  8998 | Orc:1    | Bought a potion of heal wounds for 105 gold pieces
  8998 | Orc:1    | Bought a scroll labelled JIRUVA MOTE for 21 gold pieces
  9469 | D:11     | Found a staircase to the Lair.
  9470 | D:11     | Noticed an oklob plant
  9498 | D:11     | Killed an oklob plant
  9648 | D:11     | Noticed a boulder beetle
  9659 | D:11     | Killed a boulder beetle
  9925 | D:12     | Noticed a boulder beetle
  9954 | D:12     | Killed a boulder beetle
  9955 | D:12     | Reached skill level 14 in Unarmed Combat
 10076 | D:12     | Noticed a cyan ugly thing
 10084 | D:12     | Reached XP level 12. HP: 58/109 MP: 11/11
 10208 | D:12     | Noticed a boulder beetle
 10238 | D:12     | Found Niorph's Specialty Armours.
 10240 | D:12     | Killed a boulder beetle
 10268 | D:12     | Bought the +0 barding of Ececot {rElec Str+2 Dex-3} for 418
                  | gold pieces
 10458 | D:12     | Reached skill level 15 in Unarmed Combat
 10757 | D:13     | Noticed a tengu warrior
 10766 | D:13     | Killed a tengu warrior
 10794 | D:13     | Noticed a six-headed hydra
 10803 | D:13     | Killed a ten-headed hydra
 10951 | D:13     | Noticed a two-headed ogre
 10956 | D:13     | Killed a two-headed ogre
 11048 | D:13     | Slain by a skeletal warrior

Illustrated notes

Levels and vault maps discovered:
D:1:      dpeg_arrival_connections, layout_basic,
          dreamdust_ecumenical_altar_drowned_temple, minmay_pentomino_t4
D:2:      layout_rooms, uniq_natasha
D:3:      kennysheep_the_goblin_king, layout_loops_corners,
          mainiacjoe_overflow_brackets
D:4:      layout_basic, minmay_overflow_temple_hex, nemelex_dance_club_becter,
          fedhas_altar_fruit_tree, minmay_temple_entry_statues_fountains,
          uniq_edmund
D:5:      layout_layer_cave, saegor_snake_ambush, uniq_pikel
D:6:      layout_loops_cross, ebering_ghost_rock_garden, kennysheep_diamond,
          uniq_crazy_yiuf_cottage
D:7:      layout_rooms, nicolae_nh_oracle_at_delphi, uniq_maggie
D:8:      layout_basic, minmay_starry_boxes, uniq_joseph
D:9:      layout_basic, marbit_many_paths, general_overflow_altar
D:10:     layout_long_grid, orc_0_dummy, serial_shops, nicolae_diamond_shop,
          uniq_erica, uniq_psyche, uniq_josephine
D:11:     layout_roguey [special_room_orc], dpeg_oklobed_lair
D:12:     layout_roguey, nicolae_barding_shop
D:13:     layout_roguey, tso_altar, uniq_nessos
Temple:   hellmonk_temple_divided_pantheon
Orc:1:    nicolae_orc_accident_3, layout_diamond_mine, serial_shops, shop,
          nicolae_shop_just_a_little_nook, nicolae_shop_bloodbath_and_beyond

Skill      XL: |  1  2  3  4  5  6  7  8  9 10 11 12 |
---------------+-------------------------------------+-----
Dodging        | 3 4 5 6 7 |  7.1
Stealth        | 1 2 |  2.4
Unarmed Combat | 4 5 6 7 10 12 14 15 | 15.7
Shapeshifting  | 1 2 |  2.1
Fighting       | 3 4 |  4.9
Maces & Flails | 1 2 |  2.9
Shields        | 2 4 5 |  5.8
Throwing       | 1 2 |  2.2
Armour         | 1 3 4 |  4.3
Evocations     | |  0.5

Action                     |  1- 3 |  4- 6 |  7- 9 | 10-12 || total
---------------------------+-------+-------+-------+-------++-------
  Melee: Unarmed           |    59 |    62 |   227 |   541 ||   889
         Flail             |       |    42 |       |       ||    42
         Punch             |       |     1 |       |       ||     1
   Fire: Sling             |     8 |       |       |       ||     8
  Throw: Stone             |     1 |       |    28 |     1 ||    30
 Invoke: Berserk           |     1 |     4 |     5 |    10 ||    20
         Trog's Hand       |       |     1 |     1 |     6 ||     8
  Evoke: Wand              |       |     4 |       |     1 ||     5
    Use: Scroll            |     2 |     2 |     4 |    11 ||    19
         Potion            |       |       |       |     7 ||     7
   Stab: Sleeping          |       |     2 |     2 |       ||     4
 Armour: Animal skin       |    46 |    75 |   122 |       ||   243
         Steam dragon scal |       |       |    36 |    97 ||   133
         Acid dragon scale |       |       |       |   275 ||   275
  Dodge: Dodged            |    25 |    51 |    90 |   184 ||   350
  Block: Kite shield       |       |    14 |    73 |   186 ||   273
         Form:             |       |     2 |       |     1 ||     3
         Death             |       |     2 |       |     1 ||     3
